 Dungeon Crawl Stone Soup version 0.31-a0-1370-gf52a5a9ab3 (webtiles) character file.

Game seed: 18167434819025697824

240342 grandjackal the Slayer (level 18, -3/187 HPs)
             Began as a Green Draconian Gladiator on Dec 24, 2023.
             Was the Champion of Trog.
             Shot with an arrow by a deep elf archer (27 damage)
             ... on level 1 of the Elven Halls.
             The game lasted 00:41:48 (35103 turns).

grandjackal the Slayer (Green Draconian Gladiator) Turns: 35103, Time: 00:41:49

Health: -3/187     AC: 21    Str: 19    XL:     18   Next: 61%
Magic:  27/27      EV: 27    Int:  9    God:    Trog [******]
Gold:   2214       SH:  9    Dex: 21    Spells: 17/17 levels left

rFire   + . .        F - +11 Singing Sword {sonic wave}
rCold   . . .        X - +2 buckler
rNeg    . . .        (body armour unavailable)
rPois   +            K - +2 hat
rElec   .            j - +2 cloak {rCorr}
rCorr   +            N - +2 pair of gloves
SInv    .            C - +2 pair of boots {Fly}
Will    +....        S - amulet of Cetyosm {Acrobat ^Drain MP+9 Dex+3}
Stlth   ++           Q - ring of protection from fire
HPRegen 0.51/turn    o - +4 ring of slaying
MPRegen 0.20/turn

%: acrobat
@: flying, slowed, very slow
A: breathe noxious fumes, AC +10, unfitting armour, stinger 1, poison
resistance, cold-blooded
}: 2/15 runes: decaying, serpentine
a: Breathe Noxious Fumes, Renounce Religion, Berserk, Trog's Hand, Brothers in
Arms


You were on level 1 of the Elven Halls.
You worshipped Trog.
Trog was exalted by your worship.
You visited 7 branches of the dungeon, and saw 32 of its levels.
You also visited: Volcano.

You collected 3665 gold pieces.
You spent 1451 gold pieces at shops.

Inventory:

Hand Weapons
 r - a +4 demon blade of flaming
 s - the +2 Maxwell's thermic engine {flame, freeze, rev}
   (You found it on level 12 of the Dungeon)
 F - the +11 Singing Sword (weapon) {sonic wave}
   (You found it on level 7 of the Dungeon)
 R - the +4 double sword of Recklessness {heavy, rElec rN+ rCorr}
   (Trog gifted it to you on level 15 of the Dungeon)

   rElec:     It insulates you from electricity.
   rN+:       It protects you from negative energy.
   rCorr:     It protects you from acid and corrosion.
Missiles
 c - 4 throwing nets (quivered)
 d - 10 javelins
Armour
 j - a +2 cloak of preservation (worn)
 C - a +2 pair of boots of flying (worn)
 E - a scarf of resistance
 H - a +0 kite shield
 K - a +2 hat (worn)
 N - a +2 pair of gloves (worn)
 X - a +2 buckler (worn)
Jewellery
 e - a ring of protection from cold
 k - a ring of willpower
 o - a +4 ring of slaying (right hand)
 w - a ring of see invisible
 Q - a ring of protection from fire (left hand)
 S - the amulet of Cetyosm (around neck) {Acrobat ^Drain MP+9 Dex+3}
   (You bought it in a shop on level 2 of the Orcish Mines)

   [amulet of the acrobat]

   Acrobat:   It increases your evasion while moving and waiting.
   Dex+3:     It affects your dexterity (+3).
   MP+9:      It affects your magic capacity (+9).
   ^Drain:    It drains your maximum health when unequipped.
 V - a ring of positive energy
Wands
 u - a wand of flame (71)
 B - a wand of digging (19)
 G - a wand of acid (29)
 W - a wand of iceblast (21)
Scrolls
 b - 3 scrolls of silence
 f - a scroll of enchant armour
 g - a scroll of immolation
 l - 13 scrolls of teleportation
 m - 8 scrolls of fog
 p - 8 scrolls of blinking
 t - 4 scrolls of vulnerability
 x - 3 scrolls of fear
 D - 4 scrolls of torment
 L - a scroll of butterflies
 M - 7 scrolls of poison
 T - 3 scrolls of revelation
Potions
 a - 3 potions of heal wounds
 h - 5 potions of mutation
 i - a potion of invisibility
 n - a potion of might
 q - 11 potions of curing
 v - 4 potions of haste
 z - 3 potions of attraction
 A - 4 potions of enlightenment
 I - 3 potions of cancellation
 J - a potion of berserk rage
 O - 5 potions of lignification
 P - 3 potions of magic
Miscellaneous
 U - a lightning rod (4/4)


   Skills:
 + Level 22.6 Fighting
 - Level 16.3 Long Blades
 + Level 4.8 Throwing
 - Level 19.1 Dodging
 + Level 7.8 Shields


You had 17 spell levels left.
You didn't know any spells.
Your spell library contained the following spells:

 Spells                   Type           Power      Damage    Failure   Level
 Apportation              Tloc           0%         N/A       43%         1
 Magic Dart               Conj           0%         1d3       43%         1
 Summon Small Mammal      Summ           0%         N/A       43%         1
 Blink                    Tloc           0%         N/A       58%         2
 Call Imp                 Summ           0%         N/A       58%         2
 Jinxbite                 Hex            0%         N/A       58%         2
 Sublimation of Blood     Necr           0%         N/A       58%         2
 Call Canine Familiar     Summ           0%         N/A       82%         3
 Frozen Ramparts          Ice            0%         1d1       82%         3
 Fugue of the Fallen      Necr           0%         N/A       82%         3
 Inner Flame              Hex/Fire       0%         N/A       82%         3
 Ozocubu's Armour         Ice            0%         N/A       82%         3
 Summon Guardian Golem    Hex/Summ       0%         N/A       82%         3
 Leda's Liquefaction      Alch/Erth      0%         N/A       99%         4
 Manifold Assault         Tloc           0%         N/A       99%         4
 Petrify                  Alch/Erth      0%         N/A       99%         4
 Alistair's Intoxication  Alch           0%         N/A       100%        5
 Irradiate                Conj/Alch      0%         3d11      100%        5
 Metabolic Englaciation   Hex/Ice        0%         N/A       100%        5
 Conjure Ball Lightning   Conj/Air       0%         3x3d6     100%        6
 Summon Hydra             Summ           0%         N/A       100%        7
 Discord                  Hex            0%         N/A       100%        8
 Disjunction              Tloc           0%         N/A       100%        8
 Ignition                 Fire           0%         3d3       100%        8


Dungeon Overview and Level Annotations

Branches:
Dungeon (15/15)            Temple (1/1) D:4            Lair (5/5) D:10
  Swamp (4/4) Lair:2        Snake (4/4) Lair:2        Slime (0/5) Lair:4
    Orc (2/2) D:10            Elf (1/3) Orc:2        Vaults (0/5) D:14
 Depths (0/4) D:15        Volcano (visited)

Altars:
Ashenzari
Cheibriados
Dithmenos
Elyvilon
Fedhas
Gozag
Hepliaklqana
Kikubaaqudgha
Makhleb
Nemelex Xobeh
Okawaru
Qazlal
Ru
Sif Muna
Trog
Uskayaw
Vehumet
Wu Jian
Xom
Yredelemnul
Zin
The Shining One
Jiyva

Shops:
D:10 (*(!   Orc:2 =(**   Snake:1 [   Snake:2 (

Portals:
Abyss: Swamp:1
Pandemonium: Orc:2
Trove: D:12 (lose all piety)

Annotations:
D:9 3 runed translucent doors, Tollund's ghost, journeyman NaAl
Lair:4 2 transporters, Osyvawk's ghost, journeyman DrMo
Swamp:1 2 transporters, Laraso's ghost, adept MiGl
Snake:1 1 runed translucent door, Rififam's ghost, adept GrFi


Innate Abilities, Weirdness & Mutations

You can breathe blasts of noxious fumes.
Your lurid green scales are hard. (AC +10)
You cannot fit into any form of body armour.
Your tail ends in a venomous barb.
Your system is resistant to poisons. (rPois)
You are cold-blooded and may be slowed by cold attacks.


Message History

The air elemental fires a burst of electricity at you.
The stunning burst misses you.
The ghostly deep elf knight casts a spell at you.
The shard of ice hits you!!!
You closely miss the ghostly deep elf knight.
You tail-slap the ghostly deep elf knight!
The ghostly deep elf knight is moderately damaged.
The ghostly deep elf knight hits you but does no damage.
The ghostly deep elf knight barely misses you.
Unknown command.
The air elemental fires a burst of electricity at you.
The stunning burst hits you but does no damage.
You suddenly lose the ability to move!
The air elemental hits you.
You can move again.
You slice the air elemental!!
You destroy the air elemental!
Trog accepts your kill.
The deep elf archer shoots an arrow.
The arrow hits you!
Your life force feels restored.
Unknown command.
You slice the ghostly deep elf knight!!
The ghostly deep elf knight is severely damaged.
The ghostly deep elf knight points at you and mumbles some strange words.
The shard of ice hits you!!!
* * * LOW HITPOINT WARNING * * *
You chop the ghostly deep elf knight into pieces!!!
You destroy the ghostly deep elf knight!
Trog accepts your kill.
Trog appreciates your killing of a magic user.
The deep elf archer gestures at you while chanting.
You feel as though you will be slow longer.
The deep elf archer shoots an arrow.
You block the arrow.
The deep elf archer shoots an arrow.
The arrow completely misses you.
The deep elf archer shoots an arrow.
You block the arrow.
The deep elf archer shoots an arrow.
The arrow hits you!!
* * * LOW HITPOINT WARNING * * *
A deep elf knight comes into view. It is wielding a +0 long sword.
There is a staircase back to the Mines here.
The deep elf archer shoots an arrow.
The arrow hits you!!
You die...

.#.### .....
#####.).#####
###...........##
#...............
................
#.....8.....#
######)e.######
#@...e))......#
######†..######
####../..8.....###
#........).).../..
##.......[[).....#
###......(....###
#####.))#####
#.......#
#.......#


You could see a deep elf archer (repels missiles) and a deep elf knight.

Vanquished Creatures
  A tentacled monstrosity (Swamp:4)
  Mlioglotl (Snake:2)
  Rupert (Orc:2)
  5 nagarajas
  A thorn hunter (Swamp:2)
  Donald (Snake:4)
  A fenstrider witch (Swamp:3)
  An orc warlord (Orc:2)
  2 very ugly things (Swamp:4)
  A deep elf death mage (Elf:1)
  7 eleionomae
  4 bunyips
  2 green deaths (Swamp:4)
  2 shambling mangroves
  Fannar (Orc:1)
  2 fire dragons
  3 vault guards (D:14)
  15 hydras
  2 salamander tyrants (Snake:4)
  A catoblepas (D:12)
  2 ghost crabs
  3 demonspawn (Orc:2)
  8 centaur warriors
  12 alligators
  9 anacondas
  A death knight (D:14)
  2 dancing weapons (Elf:1)
  5 two-headed ogres
  9 naga warriors
  10 death yaks
  6 boulder beetles
  2 tengu warriors (D:12)
  8 orc high priests
  7 naga sharpshooters
  A deep troll earth mage (D:15)
  9 shock serpents
  6 salamander mystics
  4 deep elf knights
  A skeletal warrior (D:14)
  2 goliath frogs
  A death drake (Swamp:4)
  6 swamp dragons
  6 naga ritualists
  A spriggan druid (Swamp:1)
  A glowing orange brain (shapeshifter) (Elf:1)
  11 bog bodies
  6 orc knights
  A phantasmal warrior (D:14)
  A harpy (shapeshifter) (D:12)
  10 deep elf zephyrmancers
  4 deep elf archers
  An oklob plant (Lair:2)
  2 large abominations (Swamp:4)
  5 lindwurms
  13 orc sorcerers
  8 mana vipers
  15 deep elf pyromancers
  15 ugly things
  A wolf spider (D:15)
  2 manticores
  9 cyclopes
  A manticore (shapeshifter) (D:12)
  14 salamanders
  6 will-o-the-wisps
  3 kobold blastminers (Orc:2)
  5 elephants (Lair:4)
  11 naga magi
  33 black mambas
  Maggie (D:6)
  10 cane toads
  3 orange demons (Swamp:4)
  2 guardian serpents (Snake:2)
  2 gargoyles
  8 komodo dragons
  An unseen horror (D:12)
  5 rime drakes
  2 yaktaurs
  2 freezing wraiths (D:14)
  Psyche (D:9)
  Jeremiah (D:7)
  2 ice devils (Orc:2)
  6 polar bears
  8 trolls
  A wolf spider simulacrum (D:15)
  2 polar bears (shapeshifter)
  8 tyrant leeches
  A queen bee (shapeshifter) (D:14)
  15 hornets
  7 dream sheep (Lair:5)
  7 blink frogs (Lair:4)
  Grinder (D:6)
  Sigmund (D:6)
  20 slime creatures
  A centaur simulacrum (D:15)
  An air elemental (Elf:1)
  22 spriggans
  A water elemental (D:12)
  A shadow (Swamp:4)
  8 fire elementals
  3 wargs
  7 wyverns
  46 yaks
  2 wraiths
  4 basilisks
  A neqoxec (Orc:2)
  14 vampire mosquitoes
  4 steam dragons
  A human (D:14)
  A chaos spawn (Orc:2)
  An acid dragon (D:12)
  12 swamp worms
  3 hell hounds (Volcano)
  19 nagas
  8 water moccasins
  A swamp drake (Swamp:3)
  45 orc warriors
  7 ice beasts
  3 black bears
  An ogre (shapeshifter) (D:15)
  2 sky beasts (D:7)
  21 centaurs
  5 boggarts
  43 wolves
  8 ogres
  4 kobold brigands
  Blork the orc (D:6)
  A gnoll sergeant (D:11)
  17 bullfrogs
  8 scorpions
  14 wights
  16 killer bees
  7 howler monkeys
  4 electric eels
  5 hounds
  A gnoll bouda (D:8)
  33 orc priests
  2 jellies
  Crazy Yiuf (D:4)
  2 sleepcaps
  Ijyb (D:5)
  2 iguanas
  34 orc wizards
  8 gnolls
  14 adders
  A shadow imp (D:5)
  2 white imps
  3 worms
  4 dart slugs
  89 orcs
  7 ball pythons
  8 endoplasms
  5 giant cockroaches (D:1)
  10 hobgoblins
  8 jackals (D:3)
  15 kobolds
  6 quokkas
  10 bats
  2 frilled lizards (D:1)
  8 goblins
  A rat (D:2)
1120 creatures vanquished.

Vanquished Creatures (others)
  A deep elf knight (Elf:1)
  2 bloated husks
  An ogre (Orc:2)
  10 foxfires
14 creatures vanquished.

Grand Total: 1134 creatures vanquished

Notes
Turn   | Place    | Note
-------+----------+-------------------------------------------
     0 | D:1      | grandjackal the Draconian Gladiator began the quest for the
                  | Orb.
     0 | D:1      | Reached XP level 1. HP: 17/17 MP: 1/1
    70 | D:1      | Reached XP level 2. HP: 23/25 MP: 2/2
   205 | D:1      | Found a faded altar of an unknown god.
   264 | D:1      | Reached XP level 3. HP: 27/30 MP: 3/3
   941 | D:2      | Found a sparkling altar of Nemelex Xobeh.
  1244 | D:2      | Reached skill level 3 in Fighting
  1577 | D:3      | Reached XP level 4. HP: 38/38 MP: 4/4
  2291 | D:3      | Reached XP level 5. HP: 45/45 MP: 5/5
  2785 | D:4      | Noticed a black bear
  2793 | D:4      | Killed a black bear
  2794 | D:4      | Reached XP level 6. HP: 45/52 MP: 6/6
  2838 | D:4      | Reached skill level 4 in Fighting
  2860 | D:4      | Found a staircase to the Ecumenical Temple.
  2869 | Temple   | Entered the Ecumenical Temple
  3220 | D:4      | Found a runed translucent door.
  3221 | D:4      | Noticed Crazy Yiuf
  3288 | D:4      | Found an opulent altar of Gozag.
  3810 | D:4      | Killed Crazy Yiuf
  3879 | D:5      | Entered Level 5 of the Dungeon
  3895 | D:5      | Your scales start taking on a lurid green colour.
  3895 | D:5      | Reached XP level 7. HP: 60/60 MP: 7/7
  3895 | D:5      | Gained mutation: Your system is resistant to poisons.
                  | (rPois) [Green Draconian growth]
  4050 | D:5      | Noticed Ijyb
  4057 | D:5      | Killed Ijyb
  4232 | D:5      | Reached skill level 5 in Long Blades
  4725 | D:6      | Reached skill level 5 in Fighting
  4803 | D:6      | Noticed Grinder
  4806 | D:6      | Reached skill level 5 in Dodging
  4817 | D:6      | Paralysed by Grinder for 4 turns
  4821 | D:6      | Killed Grinder
  4822 | D:6      | Reached XP level 8. HP: 42/70 MP: 8/8
  4978 | D:6      | Noticed Blork the orc
  4982 | D:6      | Killed Blork the orc
  4983 | D:6      | Reached skill level 6 in Fighting
  5124 | D:6      | Noticed Sigmund
  5132 | D:6      | Killed Sigmund
  5159 | D:6      | Noticed Maggie
  5177 | D:6      | Killed Maggie
  5178 | D:6      | Reached skill level 7 in Fighting
  5461 | D:6      | Reached XP level 9. HP: 13/79 MP: 9/9
  5987 | D:6      | Found a bloodstained altar of Trog.
  5999 | D:6      | Found a shimmering blue altar of Sif Muna.
  6005 | D:6      | Became a worshipper of Trog the Wrathful
  6076 | D:6      | Reached skill level 8 in Fighting
  6653 | D:8      | Noticed a centaur warrior
  6668 | D:8      | Killed a centaur warrior
  6669 | D:8      | Reached skill level 9 in Fighting
  6674 | D:7      | Reached * piety under Trog
  6929 | D:7      | Found a hide-covered altar of Uskayaw.
  6933 | D:7      | Noticed Jeremiah
  6959 | D:7      | Reached XP level 10. HP: 83/91 MP: 10/10
  7089 | D:7      | Killed Jeremiah
  7468 | D:7      | Found the +11 Singing Sword {sonic wave}
  7636 | D:7      | Found a broken altar of Ashenzari.
  7734 | D:8      | Noticed a cyclops
  7743 | D:8      | Reached ** piety under Trog
  7744 | D:8      | Killed a cyclops
  7745 | D:8      | Reached skill level 10 in Fighting
  7760 | D:8      | Noticed a manticore
  7767 | D:8      | Killed a manticore
  8290 | D:8      | Found an ancient bone altar of Kikubaaqudgha.
  8290 | D:8      | Found a blossoming altar of Fedhas.
  8327 | D:8      | Reached skill level 10 in Long Blades
  8568 | D:9      | Reached XP level 11. HP: 88/101 MP: 11/11
  8678 | D:9      | Reached skill level 11 in Fighting
  8843 | D:9      | Found a runed translucent gate.
  8844 | D:9      | Found a runed translucent gate.
  8856 | D:9      | Reached *** piety under Trog
  8891 | D:9      | Noticed Tollund's ghost (journeyman NaAl)
  8892 | D:9      | Noticed a nine-headed hydra
  8893 | D:9      | Found a runed translucent gate.
  9146 | D:9      | Identified the +0 plate armour "Etuakuad" {Dex+5 Slay+2}
  9287 | D:9      | Noticed a boulder beetle
  9294 | D:9      | Noticed a centaur warrior
  9304 | D:9      | Killed a centaur warrior
  9320 | D:9      | Noticed Psyche
  9324 | D:9      | Found an iron altar of Okawaru.
  9328 | D:9      | Killed Psyche
  9582 | D:9      | Reached skill level 10 in Dodging
  9769 | D:9      | Killed a boulder beetle
 10032 | D:10     | Entered Level 10 of the Dungeon
 10043 | D:10     | Reached skill level 12 in Fighting
 10051 | D:10     | Found a staircase to the Lair.
 10220 | D:10     | Reached **** piety under Trog
 10299 | D:10     | Noticed a two-headed ogre
 10304 | D:10     | Killed a two-headed ogre
 10344 | D:10     | Found a staircase to the Orcish Mines.
 10405 | D:10     | Reached XP level 12. HP: 99/113 MP: 12/12
 10703 | D:10     | Found Fydeg's Assorted Antiques.
 10703 | D:10     | Found Yvucexa's Distillery.
 10704 | D:10     | Found Edeetiuq's Weapon Emporium.
 10705 | D:10     | Found Gokuak's Antique Weapon Emporium.
 10708 | D:10     | Bought a scroll labelled ZUVAPP RIVAINOQU for 40 gold
                  | pieces
 10708 | D:10     | Bought a sedimented silvery potion for 36 gold pieces
 10720 | D:10     | Bought a potion of haste for 120 gold pieces
 10720 | D:10     | Bought a potion of magic for 96 gold pieces
 10720 | D:10     | Bought a potion of curing for 36 gold pieces
 10720 | D:10     | Bought a potion of lignification for 36 gold pieces
 10720 | D:10     | Bought a potion of degeneration for 12 gold pieces
 10928 | D:10     | Found a glowing golden altar of the Shining One.
 10928 | D:10     | Found a shadowy altar of Dithmenos.
 11273 | D:11     | Noticed a two-headed ogre
 11278 | D:11     | Killed a two-headed ogre
 11628 | D:11     | Reached skill level 13 in Fighting
 11716 | D:11     | Noticed a two-headed ogre
 11719 | D:11     | Killed a two-headed ogre
 11869 | D:12     | Noticed a tengu warrior
 11870 | D:12     | Noticed a tengu warrior
 11880 | D:12     | Killed a tengu warrior
 11886 | D:12     | Killed a tengu warrior
 11895 | D:12     | Noticed a catoblepas
 11926 | D:12     | Killed a catoblepas
 12390 | D:12     | Noticed a fire dragon
 12411 | D:12     | Killed a fire dragon
 12427 | D:12     | Identified the +1 dagger of Wu Jian {drain, rElec}
 12612 | D:12     | Found the +2 Maxwell's thermic engine {flame, freeze, rev}
 12909 | D:12     | Found a portal to a secret trove of treasure.
 13235 | Orc:1    | Entered Level 1 of the Orcish Mines
 13251 | Orc:1    | Reached ***** piety under Trog
 13439 | Orc:1    | Reached skill level 14 in Fighting
 13450 | Orc:1    | Reached XP level 13. HP: 82/124 MP: 13/13
 13479 | Orc:1    | Found a dark tunnel.
 13607 | Volcano  | Entered a volcano
 14045 | Volcano  | Identified the +2 leather armour "Cediudde" {Dex+5}
 14587 | Orc:1    | Noticed Fannar
 14598 | Orc:1    | Killed Fannar
 14889 | Orc:1    | You fall into a shaft and drop 1 floor!
 14889 | Orc:2    | Entered Level 2 of the Orcish Mines
 14982 | Orc:2    | Reached ****** piety under Trog
 14990 | Orc:2    | Reached skill level 15 in Fighting
 14993 | Orc:2    | Noticed Rupert
 14996 | Orc:2    | Noticed an orc warlord
 14998 | Orc:2    | Killed Rupert
 15003 | Orc:2    | Identified the +8 scimitar "Duett" {venom, rElec Dex+2}
 15008 | Orc:2    | Killed an orc warlord
 15386 | Orc:2    | Found Zuzoj's General Store.
 15387 | Orc:2    | Found Uckoes's General Store.
 15483 | Orc:2    | Gained mutation: Your tail ends in a venomous barb. [Green
                  | Draconian growth]
 15483 | Orc:2    | Reached XP level 14. HP: 77/135 MP: 14/14
 15688 | Orc:2    | Reached skill level 16 in Fighting
 15909 | Orc:2    | Found Upnenon's Jewellery Shop.
 15909 | Orc:2    | Found a one-way gate leading to the halls of Pandemonium.
 15909 | Orc:2    | Found Afebuorch's Antique Weapon Boutique.
 15921 | Orc:2    | Received a gift from Trog
 15927 | Orc:2    | Bought the amulet of Cetyosm {Acrobat ^Drain MP+9 Dex+3}
                  | for 792 gold pieces
 16018 | Orc:2    | Bought a scroll of fear for 48 gold pieces
 16020 | Orc:2    | Bought a potion of curing for 48 gold pieces
 16050 | Orc:2    | Found a staircase to the Elven Halls.
 16707 | Lair:1   | Entered Level 1 of the Lair of Beasts
 17537 | Lair:2   | Reached skill level 15 in Long Blades
 17794 | Lair:2   | Received a gift from Trog
 17818 | Lair:2   | Found a staircase to the Snake Pit.
 18142 | Lair:2   | Found a staircase to the Swamp.
 18649 | Lair:3   | Identified the +0 quarterstaff "Woggox" {heavy, rC+ SInv}
 18661 | Lair:3   | Identified the +1 mace of Immorality {drain, rPois rCorr
                  | Int+5 Dex+2}
 19403 | Lair:4   | Found a transporter.
 19442 | Lair:4   | Reached skill level 17 in Fighting
 19487 | Lair:4   | Reached XP level 15. HP: 145/147 MP: 15/15
 19512 | Lair:4   | Found a transporter.
 19574 | Lair:4   | Noticed Osyvawk's ghost (journeyman DrMo)
 19708 | Lair:4   | Found a staircase to the Slime Pits.
 19708 | Lair:4   | Found a viscous altar of Jiyva.
 20172 | Lair:5   | Entered Level 5 of the Lair of Beasts
 20212 | Lair:5   | Received a gift from Trog
 21048 | Lair:5   | Reached skill level 15 in Dodging
 21365 | Lair:5   | Reached skill level 1 in Shields
 22199 | D:13     | Reached skill level 18 in Fighting
 22399 | D:13     | Received a gift from Trog
 22658 | D:14     | Found a broken altar of Ashenzari.
 22913 | D:14     | Reached XP level 16. HP: 90/159 MP: 16/16
 23634 | D:14     | Reached skill level 5 in Shields
 23721 | D:14     | Found a gate to the Vaults.
 24313 | D:15     | Entered Level 15 of the Dungeon
 24601 | D:15     | Found a staircase to the Depths.
 24711 | D:15     | Identified the +4 double sword of Recklessness {heavy,
                  | rElec rN+ rCorr} (Trog gifted it to you on level 15 of the
                  | Dungeon)
 24711 | D:15     | Received a gift from Trog
 25260 | D:15     | Found a sparkling altar of Nemelex Xobeh.
 25470 | Swamp:1  | Entered Level 1 of the Swamp
 25606 | Swamp:1  | Noticed a tentacled starspawn
 25616 | Swamp:1  | Reached skill level 19 in Fighting
 25636 | Swamp:1  | Noticed Laraso's ghost (adept MiGl)
 25986 | Swamp:1  | Found a transporter.
 25988 | Swamp:1  | Found a transporter.
 26314 | Swamp:1  | Found a one-way gate to the infinite horrors of the Abyss.
 26438 | Swamp:2  | Noticed a thorn hunter
 26446 | Swamp:2  | Killed a thorn hunter
 27061 | Swamp:2  | Found a sacrificial altar of Ru.
 27477 | Swamp:3  | Received a gift from Trog
 28102 | Swamp:4  | Entered Level 4 of the Swamp
 28156 | Swamp:4  | Reached XP level 17. HP: 117/170 MP: 17/17
 28214 | Swamp:4  | Reached skill level 20 in Fighting
 29034 | Swamp:4  | Received a gift from Trog
 29054 | Swamp:4  | Noticed a tentacled monstrosity
 29065 | Swamp:4  | Killed a tentacled monstrosity
 29459 | Swamp:4  | Got a decaying rune of Zot
 29606 | Snake:1  | Entered Level 1 of the Snake Pit
 29730 | Snake:1  | Found Pomong's Antique Armour Boutique.
 29738 | Snake:1  | Bought a pair of runed boots for 187 gold pieces
 30156 | Snake:1  | Found a runed translucent door.
 30160 | Snake:1  | Noticed Rififam's ghost (adept GrFi)
 30222 | Snake:1  | Reached skill level 21 in Fighting
 30936 | Snake:2  | Noticed Mlioglotl
 30954 | Snake:2  | Killed Mlioglotl
 30958 | Snake:2  | Found Ycianeha's Antique Weapon Emporium.
 31256 | Snake:2  | Identified the +6 quick blade of Triumph {heavy, SInv}
                  | (Trog gifted it to you on level 2 of the Snake Pit)
 31256 | Snake:2  | Received a gift from Trog
 31999 | Snake:3  | Reached XP level 18. HP: 183/183 MP: 18/18
 32506 | Snake:4  | Entered Level 4 of the Snake Pit
 33021 | Snake:4  | Reached skill level 22 in Fighting
 33026 | Snake:4  | Received a gift from Trog
 33571 | Snake:4  | Noticed Donald
 33584 | Snake:4  | Killed Donald
 34519 | Snake:4  | Got a serpentine rune of Zot
 34827 | Elf:1    | Entered Level 1 of the Elven Halls
 35096 | Elf:1    | Paralysed by an air elemental for 1 turns
 35103 | Elf:1    | Shot with an arrow by a deep elf archer

Illustrated notes

Levels and vault maps discovered:
D:1:      heliophobic_arrival_glass_houses, layout_loops_ring,
          dreamdust_ecumenical_altar_grove, chequers_jeans,
          dreamdust_wishing_well
D:2:      layout_basic, basic_altar, kennysheep_generic_room_5
D:3:      kb_forest_paths, layout_basic, portal_sewer_entry_d,
          minmay_gold_behind_fungi
D:4:      layout_loops_cross, nicolae_gozag_cash_rules_everything_around_me,
          minmay_temple_entry_large_hall, uniq_crazy_yiuf_cottage
D:5:      layout_gridville, minmay_misc_feat_diagonals, uniq_ijyb
D:6:      layout_loops_cross, nzn_overflow_gifts_of_might_and_magic,
          minmay_liquid_box, centaur_isle, uniq_maggie, uniq_grinder,
          uniq_sigmund, uniq_blork_the_orc
D:7:      old_forge, layout_basic, mainiacjoe_overflow_big_doors, uniq_jeremiah
D:8:      minmay_curly_fans, layout_rooms,
          grunt_temple_overflow_growth_and_decay, hangedman_decor_opposing
D:9:      minmay_chambers_of_sevens, layout_stronghold, kennysheep_mini_moat,
          gammafunk_ghost_hydra_chop, uniq_psyche
D:10:     layout_irregular_city, amethyst_overflow_temple_binary,
          hellmonk_lair_entry_icy, orc_david_3, minmay_shop_grid_forest
D:11:     layout_irregular_city
D:12:     minmay_cut_squares, layout_rooms, enter_trove_6, water_boxes_lemuel
D:13:     layout_basic
D:14:     layout_basic, grunt_vaults_entry_fortified, evilmike_ruin_ashenzari,
          minivault_19, minmay_fractal_squares_5
D:15:     hellmonk_depths_entry_around_the_bend, layout_small_grid,
          lemuel_coloured_pillars_altar
Temple:   nicolae_temple_godzebo
Lair:1:   layout_roguey
Lair:2:   layout_gridlike, minmay_swamp_entry_worms, dummy_snake_entry,
          grunt_megastairs_2
Lair:3:   layout_misc_corridors, minmay_lindwurm_lava, lemuel_fruit_tree
Lair:4:   layout_roguey, minmay_slime_entry_pillars, nzn_ghost_randoct,
          grunt_megastairs_4
Lair:5:   minmay_lair_end_enchanted_forest, layout_cave_shapes,
          grunt_megastairs_3
Swamp:1:  layout_basic_swamp, gammafunk_ghost_abyssal_escape,
          evilmike_swamp_ruin_house_5, infiniplex_staircase_pool
Swamp:2:  layout_falls_marsh, basic_altar
Swamp:3:  layout_basic_swamp, serial_swamp_ruin, evilmike_swamp_ruin_rubble_1,
          evilmike_swamp_ruin_house_1
Swamp:4:  swamp_vile, layout_basic_swamp
Snake:1:  layout_gridlike, ebering_ghost_reflecting_pool, minmay_shop_star
Snake:2:  layout_honeycomb, serial_shops, shop,
          nicolae_snake_snakes_in_the_grass, uniq_mlioglotl
Snake:3:  layout_gridlike, grunt_ministairs_8, nicolae_snake_shapes
Snake:4:  snake_pit, layout_chambers, serial_library_hellmonk_h_bend,
          nicolae_snake_gridmaze_swirls, nicolae_snake_gridmaze_big_u,
          uniq_donald
Orc:1:    layout_diamond_mine, basic_altar, nicolae_volcano_entry_lava_flow,
          uniq_fannar
Orc:2:    pf_orc_diabolical, layout_diamond_mine, elf_legates, uniq_rupert
Elf:1:    eino_elf_arrival_shootout, layout_loops_corners,
          kennysheep_underground_church, st_stairs_5

Skill      XL: |  1  2  3  4  5  6  7  8  9 10 11 12 13 14 15 16 17 18 |
---------------+-------------------------------------------------------+-----
Throwing       | 2 3 4 |  4.8
Dodging        | 3 4 5 6 7 9 10 11 13 14 15 16 18 19 | 19.1
Fighting       | 3 4 5 7 9 10 12 14 15 17 18 19 21 22 | 22.6
Long Blades    | 4 5 7 8 10 11 13 14 15 16 | 16.3
Shields        | 4 7 |  7.8

Action                     |  1- 3 |  4- 6 |  7- 9 | 10-12 | 13-15 | 16-18 || total
---------------------------+-------+-------+-------+-------+-------+-------++-------
  Melee: Long sword        |   111 |       |       |       |    15 |    16 ||   142
         Tailslap          |    15 |    15 |    22 |    59 |   118 |   173 ||   402
         Great sword       |    15 |   161 |   164 |    61 |       |       ||   401
         Unarmed           |       |       |     7 |       |       |       ||     7
         Double sword      |       |       |       |   357 |   841 |   868 ||  2066
         Punch             |       |       |       |     6 |    16 |       ||    22
 Invoke: Berserk           |       |       |       |     2 |     4 |     4 ||    10
         Trog's Hand       |       |       |       |       |     1 |     4 ||     5
Ability: Breathe Noxious F |       |       |    10 |     6 |     3 |     1 ||    20
  Evoke: Wand              |       |       |       |     5 |     1 |       ||     6
    Use: Scroll            |       |       |     5 |     4 |    12 |    11 ||    32
         Potion            |       |       |       |     4 |       |       ||     4
   Stab: Sleeping          |       |     2 |     1 |       |     3 |     2 ||     8
         Confused          |       |       |     8 |     4 |       |     2 ||    14
         Held in net/web   |       |       |       |     1 |       |       ||     1
         Distracted        |       |       |       |       |     3 |     1 ||     4
 Armour: Skin              |    75 |   125 |   165 |   337 |   320 |   439 ||  1461
  Dodge: Dodged            |    97 |   113 |   186 |   442 |   615 |   778 ||  2231
  Block: Buckler           |       |       |       |       |       |   311 ||   311

Table legend: (Time is in decaauts)
 A = Elapsed time spent in this place.
 B = Non-inter-level travel time spent in this place.
 C = Inter-level travel time spent in this place.
 D = Time resting spent in this place.
 E = Time spent auto-exploring this place.
 F = Levels seen in this place.
 G = Mean time per level.
                   A        B        C        D        E       F      G
               +--------+--------+--------+--------+--------+-----+--------+
         Total |  34934 |  33436 |   1498 |   7597 |  19886 |  33 | 1058.6 |
       Dungeon |  16943 |  16273 |    670 |   3502 |   9844 |  15 | 1129.5 |
        Temple |    219 |    169 |     50 |    103 |      0 |   1 |  219.0 |
          Lair |   4970 |   4700 |    270 |    243 |   3579 |   5 |  994.0 |
         Swamp |   4023 |   3865 |    158 |   1249 |   2042 |   4 | 1005.8 |
     Snake Pit |   4997 |   4855 |    142 |   1037 |   3189 |   4 | 1249.2 |
  Orcish Mines |   2959 |   2753 |    206 |    922 |   1172 |   2 | 1479.5 |
   Elven Halls |     79 |     79 |      0 |      0 |      1 |   1 |   79.0 |
       Volcano |    742 |    742 |      0 |    540 |     58 |   1 |  742.0 |
               +--------+--------+--------+--------+--------+-----+--------+

Top non-repeatable levels by time:
   Orc:2: 1994 daAuts
    D:14: 1756 daAuts
 Snake:4: 1682 daAuts
     D:7: 1585 daAuts
 Snake:3: 1466 daAuts
     D:9: 1294 daAuts
  Lair:5: 1282 daAuts
     D:3: 1280 daAuts
     D:6: 1244 daAuts
 Swamp:4: 1226 daAuts
     D:5: 1183 daAuts
    D:12: 1181 daAuts
 Swamp:1: 1178 daAuts
 Snake:1: 1166 daAuts
    D:11: 1148 daAuts
